 Dungeon Crawl Stone Soup version 0.29.1 (webtiles) character file.

Game seed: 12074425925451619460

2168 LustLizard the Conjurer (level 9, 0/73 HPs)
             Began as a Hill Orc Fire Elementalist on Sept 14, 2022.
             Was an Initiate of Beogh.
             Slain by Edmund
             ... wielding a +1 dire flail of protection
              (2 damage)
             ... on level 6 of the Dungeon.
             The game lasted 00:13:29 (7580 turns).

LustLizard the Conjurer (HOFE)                      Turns: 7580, Time: 00:13:30

Health: 0/73       AC:  6    Str: 11    XL:     9   Next: 32%
Magic:  0/14       EV: 12    Int: 19    God:    Beogh [......]
Gold:   236        SH:  0    Dex: 11    Spells: 10/14 levels left

rFire   . . .      SeeInvis .   d - +2 dagger (elec)
rCold   . . .      Faith    .   (no shield)
rNeg    . . .      Spirit   .   x - +0 steam dragon scales
rPois   .          Reflect  .   (no helmet)
rElec   .          Harm     .   v - +0 cloak
rCorr   .          Rampage  .   (no gloves)
Will    +....                   (no boots)
Stlth   ++........              (no amulet)
HPRegen 0.22/turn               (no ring)
MPRegen 0.14/turn               (no ring)

@: no status effects
A: strong-willed 1, sturdy frame 1
a: Renounce Religion


You were on level 6 of the Dungeon.
You worshipped Beogh.
Beogh was noncommittal.
You visited 1 branch of the dungeon, and saw 6 of its levels.

You collected 402 gold pieces.
You spent 166 gold pieces at shops.

Inventory:

Hand Weapons
 c - a +0 dagger
 d - a +2 dagger of electrocution (weapon)
 y - a +0 long sword
Armour
 a - a +0 robe
 v - a +0 cloak (worn)
 x - +0 steam dragon scales (worn)
Wands
 i - a wand of light (20)
Scrolls
 e - 2 scrolls of torment {unknown}
 f - a scroll of amnesia {unknown}
 j - 2 scrolls of poison {unknown}
 k - 2 scrolls of teleportation {unknown}
 m - 2 scrolls of blinking {unknown}
 q - a scroll of noise {unknown}
 u - a scroll of butterflies
 w - 3 scrolls of enchant weapon {unknown}
 z - a scroll of fear {unknown}
Potions
 b - a potion of magic
 g - 2 potions of lignification
 h - 4 potions of brilliance
 l - 3 potions of haste
 n - 2 potions of curing
 o - a potion of mutation
 p - a potion of invisibility
 r - a potion of ambrosia
 s - a potion of heal wounds {unknown}
 t - a potion of degeneration


   Skills:
 + Level 4.8 Fighting
 - Level 1.5 Dodging
 - Level 4.0 Stealth
 + Level 3.4 Spellcasting
 * Level 6.1 Conjurations
 + Level 6.1 Fire Magic
 * Level 5.6 Earth Magic


You had 10 spell levels left.
You knew the following spells:

 Your Spells              Type           Power      Damage    Failure   Level
a - Foxfire               Conj/Fire      100%       2x1d9     1%          1
b - Stone Arrow           Conj/Erth      50%        3d10      3%          3

Your spell library contained the following spells:

 Spells                   Type           Power      Damage    Failure   Level
 Sandblast                Erth           48%        2d12      1%          1
 Scorch                   Fire           52%        2d7       1%          2
 Conjure Flame            Conj/Fire      26%        6-21      3%          3
 Passwall                 Tmut/Erth      10%        N/A       7%          2
 Inner Flame              Hex/Fire       14%        N/A       12%         3
 Flame Wave               Conj/Fire      26%        2d8       12%         4
 Freeze                   Ice            12%        1d4       14%         1
 Hailstorm                Conj/Ice       14%        3d5       38%         4
 Frozen Ramparts          Ice            6%         1d1       41%         3


Dungeon Overview and Level Annotations

Branches:
Dungeon (6/15)             Temple (0/1) D:4

Altars:
Cheibriados
Makhleb
Wu Jian

Shops:
D:2 **((?

Annotations:
D:6 2 transporters, Blork the orc; Edmund; Pikel; swoooce's ghost, novice MiBe


Innate Abilities, Weirdness & Mutations

You are strong-willed. (Will+)
Your movements are slightly less encumbered by armour. (ER -2)


Message History

You closely miss Edmund.
Edmund is almost dead.
The foxfire hits Edmund but does no damage.
Edmund is almost dead.
The foxfire hits Edmund but does no damage.
Edmund is almost dead.
Edmund hits you with a +1 dire flail of protection!
You closely miss Edmund.
Edmund is almost dead.
Edmund hits you with a +1 dire flail of protection!
You hit Edmund but do no damage.
Edmund is almost dead.
Edmund misses you.
You hit Edmund but do no damage.
Edmund is almost dead.
Edmund barely misses you.
You closely miss Edmund.
Edmund is almost dead.
Edmund hits you with a +1 dire flail of protection.
You hit Edmund but do no damage.
Edmund is almost dead.
Edmund hits you with a +1 dire flail of protection!
* * * LOW HITPOINT WARNING * * *
Casting: Foxfire (safe; 1% risk of failure)
Confirm with . or Enter, or press ? or * to list all spells.
You conjure some foxfire!
The orc wizard shouts!
Edmund hits you with a +1 dire flail of protection!
* * * LOW HITPOINT WARNING * * *
You hit Edmund.
Edmund is almost dead.
The foxfire hits Edmund but does no damage.
Edmund is almost dead.
The foxfire hits Edmund but does no damage.
Edmund is almost dead.
The orc wizard points at you and mumbles some strange words.
The magic dart hits you.
* * * LOW HITPOINT WARNING * * *
Edmund hits you with a +1 dire flail of protection.
You die...

.#...#.#
#.###..###...@...##### .#.#
#. #....................# ..
#. #####..####..#...###.# #
##.# #..# #o###.## #
#5.5########..# #.# #.# #
#K5.<5........# #.# #.# #
#...########.#####.###.# #
###########.@.#.....)o.#
#########.......@...#####..#
..........#####..§..# ..#
########### ##.#..# ..))
#### #....# .#.## ...#######
###.o#####.#># .........###
#........# # #.©.####)..##
#.###.#### ##### .###..# #.#
# .$"!.5#. ##.# #.#


You could see Edmund and an orc wizard.

Vanquished Creatures
  Maggie (D:6)
  A vampire (D:5)
  An acid dragon (D:6)
  A water moccasin (D:6)
  3 black bears
  An orc warrior (D:6)
  2 ogres (D:5)
  The ghost of xian the Covered, an amateur HOWn (D:3)
  A centaur (D:5)
  A phantom (D:4)
  A bullfrog (D:6)
  A necrophage (D:6)
  A scorpion (D:6)
  2 hounds
  3 jellies
  3 orc priests
  2 iguanas
  4 orc wizards
  A mummy (D:3)
  9 adders
  A shadow imp (D:6)
  2 white imps
  3 ufetubi
  2 worms
  A dart slug (D:5)
  7 orcs
  3 bats
  9 endoplasms
  2 giant cockroaches (D:2)
  13 goblins
  9 hobgoblins
  4 quokkas
  5 ball pythons
  6 frilled lizards
  8 kobolds
  5 rats
120 creatures vanquished.

Vanquished Creatures (others)
  2 orcs (D:6)
  281 foxfires
283 creatures vanquished.

Grand Total: 403 creatures vanquished

Notes
Turn   | Place    | Note
-------+----------+-------------------------------------------
     0 | D:1      | LustLizard the Hill Orc Fire Elementalist began the quest
                  | for the Orb.
     0 | D:1      | Reached XP level 1. HP: 14/14 MP: 3/3
   229 | D:1      | Reached XP level 2. HP: 20/20 MP: 1/4
   768 | D:1      | Reached XP level 3. HP: 27/27 MP: 5/5
   826 | D:1      | Learned a level 3 spell: Stone Arrow
  1053 | D:1      | Reached skill level 1 in Fighting
  1650 | D:2      | Reached XP level 4. HP: 34/35 MP: 0/6
  1910 | D:2      | Found Arawew Cugu's Assorted Antiques.
  1914 | D:2      | Bought a short lead wand for 84 gold pieces
  1914 | D:2      | Bought a scroll labelled CITAC IR EHOFA for 21 gold pieces
  1914 | D:2      | Bought a scroll labelled BOSTRA REOPHA for 21 gold pieces
  1927 | D:2      | Found Xukif's General Store.
  1936 | D:2      | Found Radu's Weapon Shoppe.
  1944 | D:2      | Reached skill level 1 in Earth Magic
  2017 | D:2      | Found Itravedi's Antique Weapon Shop.
  2456 | D:2      | Found Plog's Magic Scroll Emporium.
  2469 | D:2      | Bought a scroll of identify for 20 gold pieces
  2469 | D:2      | Bought a scroll of identify for 20 gold pieces
  2682 | D:3      | Reached XP level 5. HP: 27/40 MP: 1/7
  2815 | D:3      | Found a runed translucent door.
  2815 | D:3      | Noticed xian's ghost (amateur HOWn)
  2956 | D:3      | Found a faded altar of an unknown god.
  3093 | D:3      | Reached XP level 6. HP: 32/48 MP: 4/9
  3397 | D:3      | Found a snail-covered altar of Cheibriados.
  3673 | D:3      | Killed xian's ghost
  4142 | D:4      | Reached XP level 7. HP: 46/56 MP: 4/10
  4255 | D:4      | Found a staircase to the Ecumenical Temple.
  4841 | D:5      | Entered Level 5 of the Dungeon
  4985 | D:5      | Gained mutation: You are strong-willed. (Will+) [potion of
                  | mutation]
  4985 | D:5      | Gained mutation: Your movements are slightly less
                  | encumbered by armour. (ER -2) [potion of mutation]
  4990 | D:5      | Reached skill level 5 in Fire Magic
  5632 | D:5      | Reached XP level 8. HP: 63/63 MP: 4/11
  5794 | D:5      | Noticed a vampire
  5801 | D:5      | Killed a vampire
  6304 | D:5      | Reached skill level 5 in Conjurations
  6394 | D:6      | Found a burning altar of Makhleb.
  6665 | D:6      | Found a transporter.
  6674 | D:6      | Noticed swoooce's ghost (novice MiBe)
  6684 | D:6      | Found a transporter.
  6802 | D:6      | Noticed Blork the orc
  6803 | D:6      | Reached skill level 5 in Earth Magic
  6951 | D:6      | Became a worshipper of Beogh the Brigand
  6954 | D:6      | Reached XP level 9. HP: 71/72 MP: 13/13
  7038 | D:6      | Noticed Maggie
  7046 | D:6      | Killed Maggie
  7240 | D:6      | Noticed Edmund
  7347 | D:6      | Noticed Pikel
  7433 | D:6      | Found an ornate altar of the Wu Jian Council.
  7580 | D:6      | HP: 2/73 [orc wizard/magic dart (6)]
  7580 | D:6      | Slain by Edmund

Illustrated notes

Levels and vault maps discovered:
D:1:      roderic_octagonal_star, layout_basic, minmay_bisected
D:2:      minmay_general_purpose_star, layout_rooms, serial_shops, shop,
          nicolae_lakefront_shop, shop, nicolae_diamond_shop,
          nicolae_square_shop, grunt_decor_arrowhead
D:3:      layout_loops_ring, slow_altar_1, ebering_ecumenical_altar_webs,
          hellmonk_ghost_happy_afterlife, mrwooster_statue_mirror
D:4:      layout_loops_cross, lemuel_temple_firewalk_b
D:5:      layout_loops_ring, kennysheep_generic_room_4
D:6:      layout_loops_ring, mainiacjoe_overflow_brackets,
          nicolae_wu_jian_glorious_leap, gammafunk_ghost_stat_death,
          minmay_misc_feat_pillars, uniq_edmund, uniq_maggie, uniq_pikel,
          uniq_blork_the_orc

Skill      XL: |  1  2  3  4  5  6  7  8  9 |
---------------+----------------------------+-----
Fighting       | 1 2 3 4 |  4.8
Conjurations   | 2 3 4 5 6 |  6.1
Fire Magic     | 4 5 6 |  6.1
Stealth        | 2 3 4 |  4.0
Earth Magic    | 1 2 3 5 |  5.6
Spellcasting   | 2 3 |  3.4
Dodging        | |  1.5

Action                   |  1- 3 |  4- 6 |  7- 9 || total
-------------------------+-------+-------+-------++-------
Melee: Unarmed           |     4 |       |       ||     4
       Dagger            |    35 |    72 |    55 ||   162
 Cast: Foxfire           |    39 |    90 |    28 ||   157
       Stone Arrow       |       |       |    44 ||    44
Invok: Convert to Beogh  |       |       |     1 ||     1
  Use: Scroll            |     2 |     4 |     3 ||     9
       Potion            |       |       |     3 ||     3
 Stab: Sleeping          |     2 |     2 |     1 ||     5
Armor: Robe              |    12 |    12 |    14 ||    38
       Steam dragon scal |       |       |     4 ||     4
Dodge: Dodged            |    35 |    65 |    56 ||   156
